 Dungeon Crawl Stone Soup version 0.27-a0-1232-gc6a4cbde82 (webtiles) character file.

Game seed: 11157646202460426626

127 packetloss the Vexing (level 5, 0/35 HPs)
             Began as a Human Enchanter on June 8, 2021.
             Was a Follower of Makhleb.
             Killed by nerve-wracking pain
             ... invoked by an orc priest
              (13 damage)
             ... on level 3 of the Dungeon.
             The game lasted 00:14:37 (4308 turns).

packetloss the Vexing (Human Enchanter)             Turns: 4308, Time: 00:14:37

Health: 0/35       AC:  4    Str:  9    XL:     5   Next: 33%
Magic:  0/8        EV: 12    Int: 16    God:    Makhleb [*.....]
Gold:   35         SH:  0    Dex: 13    Spells: 3/9 levels left

rFire    . . .     SeeInvis .   a - +1 dagger
rCold    . . .     Faith    .   (no shield)
rNeg     . . .     Spirit   .   b - +0 robe
rPois    .         Reflect  .   (no helmet)
rElec    .         Harm     .   (no cloak)
rCorr    .         Rampage  .   s - +0 pair of gloves
Will     .....                  m - +0 pair of boots
Stlth    ++........             (no amulet)
HPRegen  0.11/turn              (no ring)
MPRegen  0.11/turn              (no ring)

@: no status effects
A: no striking features
a: Renounce Religion


You were on level 3 of the Dungeon.
You worshipped Makhleb.
Makhleb was aware of your devotion.
You visited 1 branch of the dungeon, and saw 5 of its levels.

You collected 35 gold pieces.

Inventory:

Hand Weapons
 a - a +1 dagger (weapon)
 f - a +0 whip
 g - a +0 short sword
Missiles
 i - 100 stones
 r - 25 bolts
Armour
 b - a +0 robe (worn)
 h - a +0 ring mail
 m - a +0 pair of boots (worn)
 o - a +0 leather armour
 s - a +0 pair of gloves (worn)
Scrolls
 d - 5 scrolls of identify
 e - 2 scrolls of magic mapping {unknown}
 k - a scroll of blinking {unknown}
 l - 2 scrolls of immolation {unknown}
 q - a scroll of noise {unknown}
Potions
 c - a potion of curing
 j - 2 potions of attraction
 n - a potion of haste {unknown}
 p - a potion of heal wounds {unknown}
 t - a potion of lignification {unknown}


   Skills:
 - Level 1.2 Short Blades
 - Level 2.1 Dodging
 - Level 3.3 Stealth
 + Level 2.6 Spellcasting
 + Level 4.4 Hexes
 - Level 1.6 Ice Magic


You had 3 spell levels left.
You knew the following spells:

 Your Spells              Type           Power      Damage    Failure   Level
a - Corona                Hex            17%        N/A       3%          1
b - Ensorcelled Hibernat  Hex/Ice        22%        N/A       9%          2
c - Tukima's Dance        Hex            16%        N/A       10%         3

Your spell library contained the following spells:

 Spells                   Type           Power      Damage    Failure   Level
 Confusing Touch          Hex            16%        N/A       10%         3
 Dazzling Flash           Conj/Hex       18%        N/A       24%         3


Dungeon Overview and Level Annotations

Branches:
Dungeon (5/15)
 Temple: D:4-7

Altars:
Makhleb

Annotations:
D:2 Sigmund


Message History

Press: ? - help, Shift-Dir - straight line, f - orc
Aim: an orc, wielding a +0 trident (chance to affect: 60%)
The orc resists with significant effort.
The orc closely misses you.
Spoiler Alert: The orc priest can smite you!
You now have 6/8 mp.
Casting: Ensorcelled Hibernation (safe; 9% risk of failure)
Confirm with . or Enter, or press ? or * to list all spells.
Aiming: Ensorcelled Hibernation (safe; 9% risk of failure)
Press: ? - help, Shift-Dir - straight line, f/p - orc
Aim: an orc, wielding a +0 trident (chance to affect: 60%)
The orc resists with significant effort.
The orc priest hits you but does no damage.
The orc misses you.
Spoiler Alert: The orc priest can smite you!
You now have 4/8 mp.
Casting: Ensorcelled Hibernation (safe; 9% risk of failure)
Confirm with . or Enter, or press ? or * to list all spells.
Aiming: Ensorcelled Hibernation (safe; 9% risk of failure)
Press: ? - help, Shift-Dir - straight line, f - orc priest, p - orc
Aim: an orc priest, wielding a +0 falchion (chance to affect: 42%)
The orc priest resists with some effort.
The orc priest hits you but does no damage.
The orc misses you.
Spoiler Alert: The orc priest can smite you!
You now have 2/8 mp.
Casting: Ensorcelled Hibernation (safe; 9% risk of failure)
Confirm with . or Enter, or press ? or * to list all spells.
Aiming: Ensorcelled Hibernation (safe; 9% risk of failure)
Press: ? - help, Shift-Dir - straight line, f/p - orc priest
Aim: an orc priest, wielding a +0 falchion (chance to affect: 42%)
The orc priest resists with some effort.
The orc priest misses you. The orc hits you with a +0 trident.
Spoiler Alert: The orc priest can smite you!
You take 5 damage, and have 12/35 hp.
You now have 0/8 mp.
The orc hits you but does no damage.
You see here a +0 ring mail.
The orc priest mumbles some strange prayers to Beogh against you.
Pain shoots through your body!
You die...

#.#.# #.# #†# #..#
#†#.# #.# #.# #..#
#.#.# #.# #.# #..#
#.#.# #.# #.# #...
#.#.# #.# ..# #.##
#<..# #.# #.## #.#
#.### #.# #.. #.# #.#
#.######.###.###.#
#.# #.@##....#
#.....# #.#
##.#>..#.###.###.#
#.# #.o.............#
#.#
####.#o..###.#.###.##
#.#
#...............#....
#.#
#.##.#...............
#.#
#....####............
#.#
#..#.##.###.........#
#.######..#.##.#
###.....###


You could see an orc priest and an orc.

Vanquished Creatures
  4 adders
  2 worms (D:3)
  8 dart slugs
  2 orcs
  6 ball pythons
  3 bats
  4 endoplasms
  2 giant cockroaches
  4 goblins
  5 hobgoblins
  7 jackals
  A quokka (D:1)
  A frilled lizard (D:2)
  9 kobolds
  3 rats
61 creatures vanquished.

Notes
Turn   | Place    | Note
-------+----------+-------------------------------------------
     0 | D:1      | packetloss the Human Enchanter began the quest for the Orb.
     0 | D:1      | Reached XP level 1. HP: 13/13 MP: 3/3
   263 | D:1      | Reached XP level 2. HP: 19/19 MP: 3/5
   720 | D:1      | Learned a level 2 spell: Ensorcelled Hibernation
   889 | D:1      | Reached XP level 3. HP: 17/24 MP: 2/6
  1533 | D:2      | HP: 5/24 [adder (2)]
  1534 | D:2      | HP: 1/24 [adder (3)]
  1537 | D:2      | Reached skill level 1 in Ice Magic
  1736 | D:2      | Learned a level 3 spell: Tukima's Dance
  1951 | D:2      | Noticed Sigmund
  2074 | D:4      | Reached XP level 4. HP: 30/30 MP: 5/7
  2086 | D:5      | Entered Level 5 of the Dungeon
  2104 | D:5      | Reached skill level 4 in Hexes
  2639 | D:4      | HP: 7/30 [kobold/+0 whip (6)]
  2640 | D:4      | HP: 2/30 [kobold/+0 whip (6)]
  2688 | D:4      | HP: 5/30 [kobold/+0 whip (1)]
  2701 | D:2      | HP: 2/30 [kobold/+0 whip (5)]
  3066 | D:2      | Found a burning altar of Makhleb.
  3342 | D:2      | Became a worshipper of Makhleb the Destroyer
  3443 | D:2      | Reached XP level 5. HP: 35/35 MP: 3/8
  4209 | D:3      | Found a faded altar of an unknown god.
  4278 | D:3      | Reached * piety under Makhleb
  4308 | D:3      | Killed from afar by an orc priest

Illustrated notes

Levels and vault maps discovered:
D:1:      eino_arrival_water_cross, layout_basic, wad_floor_pattern_1
D:2:      layout_rooms, basic_altar, uniq_sigmund
D:3:      layout_loops_ring, nicolae_tso_besieged_by_evil,
          hellmonk_ecumenical_altar_zigzags
D:4:      layout_rooms, chequers_decorated_corner, uniq_edmund
D:5:      kennysheep_kobold_camp, layout_cave_pools,
          nicolae_overflow_crystal_walls, nicolae_ashenzari_panopticon,
          serial_shops, shop, kennysheep_mini, abandoned_shop, uniq_duvessa,
          uniq_ijyb

Skill      XL: |  1  2  3  4 |
---------------+-------------+-----
Ice Magic      | 1 |  1.6
Hexes          | 4 |  4.4
Short Blades   | |  1.2
Dodging        | |  2.1
Stealth        | |  3.3
Spellcasting   | |  2.6

Action                   |  1- 3 |  4- 6 || total
-------------------------+-------+-------++-------
Melee: Dagger            |    95 |   105 ||   200
 Cast: Corona            |    19 |       ||    19
       Ensorcelled Hiber |     6 |    34 ||    40
  Use: Potion            |     1 |       ||     1
       Scroll            |       |     1 ||     1
 Stab: Sleeping          |    12 |    21 ||    33
Armor: Robe              |    19 |    22 ||    41
Dodge: Dodged            |    53 |    67 ||   120

Table legend: (Time is in decaauts)
 A = Elapsed time spent in this place.
 B = Non-inter-level travel time spent in this place.
 C = Inter-level travel time spent in this place.
 D = Time resting spent in this place.
 E = Time spent auto-exploring this place.
 F = Levels seen in this place.
 G = Mean time per level.
                   A        B        C        D        E       F      G
               +--------+--------+--------+--------+--------+-----+--------+
         Total |   4296 |   4239 |     57 |   2122 |    418 |   5 |  859.2 |
       Dungeon |   4296 |   4239 |     57 |   2122 |    418 |   5 |  859.2 |
               +--------+--------+--------+--------+--------+-----+--------+

Top non-repeatable levels by time:
     D:2: 1571 daAuts
     D:1: 1504 daAuts
     D:3: 559 daAuts
     D:4: 484 daAuts
     D:5: 177 daAuts
